 Dungeon Crawl Stone Soup version 0.20-a0-694-ga0108bb (webtiles) character file.

434 theclanless the Skirmisher (level 6, -1/52 HPs)
             Began as a Centaur Fighter on Jan 15, 2017.
             Was an Initiate of Ieoh Jian.
             Slain by theclanless's ghost (7 damage)
             ... on level 4 of the Dungeon.
             The game lasted 00:09:24 (3260 turns).

theclanless the Skirmisher (Centaur Fighter)        Turns: 3260, Time: 00:09:25

Health: -1/52      AC:  9    Str: 18    XL:     6   Next: 68%
Magic:  6/6        EV:  6    Int:  7    God:    Ieoh Jian [......]
Gold:   176        SH: 15    Dex: 11    Spells: 5/5 levels left

rFire  . . .     SeeInvis .     e - +1 mace (protect)
rCold  . . .     Gourm    .     b - +0 scale mail
rNeg   . . .     Faith    .     c - +1 shield
rPois  .         Spirit   .     (no helmet)
rElec  .         Reflect  +     u - +2 cloak {+Inv}
rCorr  .         Harm     .     (no gloves)
MR     .....                    (no barding)
Stlth  ..........               n - +6 amulet of reflection
                                (no ring)
                                (no ring)

@: very quick
A: hooves 3, deformed body, speed 2, tough skin 3
a: Renounce Religion, Evoke Invisibility


You were on level 4 of the Dungeon.
You worshipped Ieoh Jian.
Ieoh Jian was noncommittal.
You were not hungry.

You visited 2 branches of the dungeon, and saw 5 of its levels.

You collected 176 gold pieces.

Inventory:

Hand Weapons
 a - a +0 rapier
 e - a +1 mace of protection (weapon)
 g - a +0 hunting sling
 s - a cursed -2 hunting sling
 v - a +1 whip of venom
Missiles
 l - 153 stones (quivered)
 r - 42 sling bullets
Armour
 b - a +0 scale mail (worn)
 c - a +1 shield (worn)
 u - a +2 cloak of invisibility (worn)
Jewellery
 n - a +6 amulet of reflection (around neck)
Wands
 i - a wand of iceblast (0/15)
Scrolls
 o - a scroll of recharging
Potions
 m - 3 potions of flight
 p - a potion of curing
Comestibles
 f - 3 bread rations
 h - 3 meat rations
 j - 2 beef jerkies
 k - a fruit


   Skills:
 + Level 3.8 Fighting
 * Level 3.6 Short Blades
 + Level 2.7 Armour
 * Level 2.4 Dodging
 + Level 1.3 Stealth
 + Level 2.7 Shields
 + Level 0.4 Invocations
 + Level 0.1 Evocations


You had 5 spell levels left.
You didn't know any spells.

Dungeon Overview and Level Annotations

Branches:
Dungeon (4/15)             Temple (1/1) D:4

Altars:
Dithmenos
Fedhas
Hepliaklqana Ieoh Jian
Kikubaaqudgha
Makhleb
Okawaru
Qazlal
Ru
Sif Muna
Trog
Uskayaw
Xom
Zin
The Shining One

Annotations:
D:4 theclanless's ghost, amateur FeMo


Innate Abilities, Weirdness & Mutations

You have hooves in place of feet.
Armour fits poorly on your strangely shaped body.
You cover ground very quickly.
You have extremely tough skin. (AC +3)


Message History

Theclanless's ghost is almost destroyed.
You block theclanless's ghost's attack. x2
You completely miss theclanless's ghost.
Your kick misses theclanless's ghost.
Theclanless's ghost is almost destroyed.
Theclanless's ghost hits you.
* * * LOW HITPOINT WARNING * * *
You closely miss theclanless's ghost. Your kick misses theclanless's ghost.
Theclanless's ghost is severely damaged.
You block theclanless's ghost's attack.
You closely miss theclanless's ghost.
Theclanless's ghost is severely damaged.
Theclanless's ghost barely misses you.
Your shield and scale mail prevent you from hitting theclanless's ghost.
Your kick misses theclanless's ghost.
Theclanless's ghost is severely damaged.
Theclanless's ghost hits you!
* * * LOW HITPOINT WARNING * * *
Theclanless's ghost hits you!
You die...

.#.######.########
# #.########
#####'#......#
#............#
#....).......#
.##............#
#..'............#
...#.....$......#
.........[...@..#
.....#####...W.(#
..... #......#
.$.## ######## ...


You could see theclanless's ghost.

Vanquished Creatures
  Sigmund (D:2)
  An orc wizard (D:3)
  A hound (D:2)
  A gnoll shaman (D:4)
  Crazy Yiuf (D:2)
  4 gnolls
  3 adders
  An ooze (D:2)
  An adder skeleton (D:4)
  A worm (D:3)
  4 dart slugs
  A leopard gecko (D:1)
  3 orcs (D:3)
  7 giant cockroaches
  10 goblins
  15 hobgoblins
  4 jackals
  2 quokkas
  A ball python (D:3)
  A bat (D:1)
  4 frilled lizards
  4 kobolds (D:1)
  7 rats
78 creatures vanquished.

Notes
Turn   | Place    | Note
-------+----------+-------------------------------------------
     0 | D:1      | theclanless the Centaur Fighter began the quest for the Orb.
     0 | D:1      | Reached XP level 1. HP: 19/19 MP: 1/1
   200 | D:1      | Reached XP level 2. HP: 26/26 MP: 2/2
   593 | D:1      | Reached skill level 1 in Dodging
   593 | D:1      | Reached XP level 3. HP: 24/31 MP: 3/3
  1120 | D:2      | Noticed Sigmund
  1126 | D:2      | Killed Sigmund
  1126 | D:2      | Reached XP level 4. HP: 17/38 MP: 4/4
  1126 | D:2      | Reached XP level 5. HP: 20/45 MP: 5/5
  1180 | D:2      | Found an ancient bone altar of Kikubaaqudgha.
  1363 | D:2      | Reached skill level 1 in Stealth
  1393 | D:2      | Found a burning altar of Makhleb.
  1612 | D:2      | Found a runed door.
  2012 | D:3      | Reached XP level 6. HP: 46/51 MP: 6/6
  2645 | D:2      | Noticed Crazy Yiuf
  2647 | D:2      | Killed Crazy Yiuf
  2707 | D:4      | Found a staircase to the Ecumenical Temple.
  2764 | D:4      | Noticed theclanless's ghost (amateur FeMo)
  2778 | Temple   | Entered the Ecumenical Temple
  2866 | Temple   | Became a worshipper of The Ieoh Jian Council
  3260 | D:4      | Slain by theclanless's ghost

Vault maps used:
D:1:      dpeg_arrival_leaves_temple_mockup
D:2:      makhleb_heckhound_becter, lemuel_round_altar, uniq_sigmund,
          uniq_crazy_yiuf_cottage
D:3:      cheibrodos_greedy_goblins, wad_floor_pattern_1
D:4:      minmay_goblin_kobold_castle, nicolae_overflow_crystal_walls,
          first_bread, uniq_eustachio, uniq_pikel
Temple:   nicolae_temple_figure_eight

Skill      XL: |  1  2  3  4  5 |
---------------+----------------+-----
Short Blades   | 2 3 |  3.6
Dodging        | 1 2 |  2.4
Stealth        | 1 |  1.3
Fighting       | |  3.8
Armour         | |  2.7
Shields        | |  2.7
Invocations    | |  0.4
Evocations     | |  0.1

Action                   |  1- 3 |  4- 6 || total
-------------------------+-------+-------++-------
Melee: Rapier            |   105 |   168 ||   273
       Kick              |    16 |    35 ||    51
       Mace              |       |    22 ||    22
 Abil: Evoke Invisibilit |       |     1 ||     1
Evoke: Wand              |       |     2 ||     2
  Use: Scroll            |     5 |     3 ||     8
       Potion            |     1 |     3 ||     4
 Stab: Invisible         |       |     3 ||     3
  Eat: Chunk             |       |     6 ||     6
Armor: Scale mail        |    37 |    37 ||    74
Dodge: Dodged            |    20 |    35 ||    55
Block: Shield            |    36 |   130 ||   166
